 Dungeon Crawl Stone Soup version 0.28-a0-1638-g9123634e07 (webtiles) character file.

Game seed: 17176677117933119525

136785 Ajdolov the Peltast (level 16, -15/159 HPs)
             Began as a Minotaur Berserker on Jan 26, 2022.
             Was a High Priest of Trog.
             Killed from afar by a deep elf zephyrmancer (23 damage)
             ... with a bolt of lightning
             ... on level 2 of the Elven Halls.
             The game lasted 01:40:11 (33728 turns).

Ajdolov the Peltast (Minotaur Berserker)           Turns: 33728, Time: 01:40:12

Health: -15/159    AC: 22    Str: 32 (33) XL:     16   Next: 67%
Magic:  15/15      EV: 11    Int:  6      God:    Trog [*****.]
Gold:   1440       SH: 14    Dex: 11      Spells: 15/15 levels left

rFire   . . .      SeeInvis .   a - +9 demon whip (venom)
rCold   + + .      Faith    .   x - +0 kite shield {reflect}
rNeg    . . .      Spirit   .   F - +0 plate armour
rPois   .          Reflect  +   g - +2 hat
rElec   .          Harm     .   k - +1 cloak {Stlth+}
rCorr   .          Rampage  .   n - +0 pair of gloves
Will    +....                   (no boots)
Stlth   ..........              o - amulet of Taengup {rC+ Regen+}
HPRegen 1.16/turn               O - +6 ring of strength
MPRegen 0.14/turn               d - ring of protection from cold

@: no status effects
A: horns 2, retaliatory headbutt, deterioration 1
a: Renounce Religion, Berserk, Trog's Hand, Brothers in Arms


You were on level 2 of the Elven Halls.
You worshipped Trog.
Trog was extremely pleased with you.
You visited 4 branches of the dungeon, and saw 25 of its levels.
You also visited: Ice Cave.

You collected 2507 gold pieces.
You spent 1067 gold pieces at shops.

Inventory:

Hand Weapons
 a - a +9 demon whip of venom (weapon)
 b - a +0 hand crossbow
 l - a +2 vorpal eveningstar
 t - the +5 flail of Quick Death {protect, rF+ Will++ Int+3}
   (You found it on level 6 of the Dungeon)

   It grants its wielder temporary protection when it strikes (+7 to AC).
   Int:       It affects your intelligence (+3).
   rF:        It protects you from fire.
   Will:      It greatly increases your willpower.
Missiles
 A - 229 bolts
 I - a throwing net (quivered)
Armour
 g - a +2 hat (worn)
 k - a +1 cloak of stealth (worn)
 n - a +0 pair of gloves (worn)
 w - a +0 tower shield
 x - a +0 kite shield of reflection (worn)
 F - a +0 plate armour (worn)
Jewellery
 d - a ring of protection from cold (right hand)
 o - the amulet of Taengup (around neck) {rC+ Regen+}
   (You bought it in a shop on level 2 of the Orcish Mines)

   [amulet of regeneration]

   rC:        It protects you from cold.
   Regen:     It increases your rate of health regeneration.
 C - an amulet of reflection
 O - a +6 ring of strength (left hand)
 R - a ring of willpower
 S - a ring of poison resistance
 Z - a ring of flight
Wands
 m - a wand of flame (82)
 E - a wand of paralysis (15)
 N - a wand of acid (2)
 P - a wand of polymorph (10)
 T - a wand of charming (13)
 U - a wand of iceblast (14)
 X - a wand of digging (14)
Scrolls
 f - 2 scrolls of torment
 h - 3 scrolls of summoning
 j - 3 scrolls of blinking
 p - a scroll of magic mapping
 r - 5 scrolls of enchant armour
 u - 9 scrolls of teleportation
 v - 4 scrolls of fear
 B - 4 scrolls of fog
 H - 4 scrolls of immolation
 J - 2 scrolls of holy word
 W - 2 scrolls of identify
Potions
 c - 3 potions of haste
 e - 7 potions of curing
 i - 3 potions of magic
 q - 5 potions of lignification
 y - 4 potions of might
 z - 4 potions of cancellation
 D - 2 potions of resistance
 G - 2 potions of attraction
 K - a potion of invisibility
 Q - a potion of flight


   Skills:
 + Level 18.5 Fighting
 - Level 14.0 Maces & Flails
 - Level 10.2 Crossbows
 * Level 14.2 Armour
 + Level 9.0 Dodging
 + Level 19.1 Shields
 + Level 6.1 Evocations


You had 15 spell levels left.
You didn't know any spells.
Your spell library was empty.

Dungeon Overview and Level Annotations

Branches:
Dungeon (15/15)            Temple (0/1) D:7            Lair (6/6) D:10
 Shoals (0/4) Lair:4        Snake (0/4) Lair:3        Slime (0/5) Lair:5
    Orc (2/2) D:12            Elf (2/3) Orc:2        Vaults (0/5) D:13
 Depths (0/4) D:15          IceCv (visited)

Altars:
Cheibriados
Qazlal

Shops:
D:2 =   D:4 *   D:8 [   D:11 *   Orc:2 =:***!


Innate Abilities, Weirdness & Mutations

You have a pair of horns on your head.
You reflexively headbutt those who attack you in melee.
Your body sometimes deteriorates upon taking damage.


Message History

You hear some strange, mumbled words.
A shard of ice appears from out of thin air!
The shard of ice hits you! You partially resist.
* * * LOW HITPOINT WARNING * * *
You block the +3 trident of venom's attack.
You feel very sick. Something hits you but does no damage.
The +3 trident of venom hits you from afar.
* * * LOW HITPOINT WARNING * * *
You feel very sick.
You hear some strange, mumbled words.
A shard of ice appears from out of thin air!
The shard of ice hits you!! You partially resist.
* * * LOW HITPOINT WARNING * * *
Items here: ( )))) [ ††.
Okay, then.
Your magic is already full.
Blink to where?
Press: ? - help, Dir - move target
As you read the scroll of blinking, it crumbles to dust.
* * * LOW HITPOINT WARNING * * *
You feel sick.
You feel better.
Okay, then.
As you read the scroll of fog, it crumbles to dust.
The scroll dissolves into smoke.
As you read the scroll of teleportation, it crumbles to dust.
You feel strangely unstable.
You hear some strange, mumbled words.
A shard of ice appears from out of thin air!
The shard of ice hits you! You partially resist.
* * * LOW HITPOINT WARNING * * *
You block the +3 trident of venom's attack.
Your surroundings suddenly seem different.
A deep elf knight, 2 deep elf zephyrmancers and a deep elf pyromancer come into view.
The deep elf zephyrmancer shouts! x2; The deep elf pyromancer shouts!
A +0 double sword of electrocution comes into view.
The deep elf zephyrmancer points at you and mumbles some strange words.
The bolt of lightning hits you!!
You die...

. .. # ### ...
###.###.###....
...............
...............
.......@.......
...............
#
...............
##
...............
##.
.....e.....e...
#..
..........e...(
##.
###....e###....
## ##...## #...
#


You could see a deep elf knight, a deep elf pyromancer, 2 deep elf zephyrmancers
and a +0 double sword of electrocution.

Vanquished Creatures
  Saint Roka (Orc:2)
  Jorgrun (D:13)
  Rupert (D:14)
  Frances (D:14)
  Donald (Orc:2)
  Azrael (D:14)
  A deep elf demonologist (Elf:1)
  A deep elf annihilator (Elf:2)
  Snorg (D:11)
  Josephine (D:11)
  A deep elf death mage (Elf:2)
  A fire dragon (Lair:6)
  7 hydras
  A great orb of eyes (D:15)
  An ogre mage (D:15)
  6 centaur warriors
  2 boulder beetles
  A rakshasa (D:15)
  A death knight (D:14)
  24 dancing weapons
  3 two-headed ogres
  Erica (Lair:2)
  4 death yaks
  3 tengu warriors (D:14)
  5 orc high priests
  Sonja (D:13)
  6 deep elf knights
  A skeletal warrior (D:14)
  8 deep elf archers
  7 orc knights
  2 wizards
  A lindwurm (Lair:6)
  20 deep elf zephyrmancers
  A phantasmal warrior (D:14)
  15 ugly things
  An orc sorcerer (Orc:1)
  2 oklob plants
  A manticore (D:12)
  24 deep elf pyromancers
  2 wolf spiders (shapeshifter)
  An elephant (D:10)
  5 cyclopes
  3 centaur zombies
  3 molten gargoyles
  2 ice statues (IceCv)
  5 black mambas
  8 cane toads
  5 rime drakes
  4 yaktaurs (D:15)
  7 komodo dragons
  2 unseen horrors (D:12)
  An efreet (D:10)
  A freezing wraith (D:14)
  A tengu conjurer (D:14)
  5 trolls
  Prince Ribbit (D:5)
  A hornet (shapeshifter) (Elf:1)
  13 slime creatures
  Grinder (D:5)
  10 blink frogs
  A meliai zombie (D:11)
  3 air elementals
  A jumping spider (shapeshifter) (Elf:1)
  A water elemental (Elf:1)
  A shadow (D:11)
  48 yaks
  8 basilisks
  2 fire elementals
  5 wyverns
  5 wraiths
  4 steam dragons
  3 fire bats (Orc:1)
  5 vampire mosquitoes
  2 nagas (Lair:3)
  A death yak simulacrum (IceCv)
  A warg (Orc:1)
  2 acid dragons
  10 water moccasins
  9 hell hounds
  32 orc warriors
  A swamp drake (D:12)
  3 sky beasts
  2 black bears
  An ice beast (D:8)
  A hornet zombie (D:8)
  2 necrophages
  21 wolves
  6 ogres
  20 centaurs
  A kobold brigand (D:10)
  2 phantoms
  17 bullfrogs
  A water moccasin zombie (D:5)
  3 scorpions
  A water moccasin skeleton (D:7)
  11 killer bees
  3 vampire bats (D:10)
  10 wights
  2 howler monkeys (D:8)
  6 electric eels
  5 lava snakes (Lair:6)
  A bullfrog zombie (D:6)
  3 hounds
  A bullfrog skeleton (D:7)
  3 jellies
  33 orc priests
  Crazy Yiuf (D:2)
  Ijyb (D:3)
  2 centaur skeletons (D:7)
  22 orc wizards
  3 iguanas (D:5)
  A polar bear simulacrum (IceCv)
  A wolf simulacrum (IceCv)
  3 howler monkey zombies
  12 gnolls
  8 adders
  A shadow imp (D:7)
  A white imp (D:5)
  An ufetubus (D:5)
  6 worms
  3 dart slugs
  83 orcs
  13 endoplasms
  7 giant cockroaches
  5 goblins
  4 hobgoblins
  3 jackals (D:4)
  6 quokkas
  7 ball pythons
  9 bats
  3 frilled lizards
  9 kobolds
  8 rats
769 creatures vanquished.

Vanquished Creatures (collateral kills)
  A deep elf high priest (Elf:1)
  A hydra (D:14)
  2 dancing weapons (Elf:2)
  A deep elf zephyrmancer (Elf:1)
  2 deep elf pyromancers (Elf:1)
  A cyclops (D:11)
  A centaur zombie (D:11)
  A yaktaur (shapeshifter) (D:14)
  A shadow (D:11)
  A yak (D:11)
  A steam dragon (Lair:5)
  An acid dragon (Lair:5)
  2 orc warriors (Orc:1)
  A swamp drake (Lair:5)
  An orc wizard (Orc:1)
  2 orcs (Orc:1)
20 creatures vanquished.

Vanquished Creatures (others)
  A deep elf knight (Elf:2)
  9 fungi
  19 plants
29 creatures vanquished.

Grand Total: 818 creatures vanquished

Notes
Turn   | Place    | Note
-------+----------+-------------------------------------------
     0 | D:1      | Ajdolov the Minotaur Berserker began the quest for the Orb.
     0 | D:1      | Reached XP level 1. HP: 19/19 MP: 0/0
   214 | D:1      | Reached XP level 2. HP: 23/27 MP: 1/1
   539 | D:1      | Found a faded altar of an unknown god.
   786 | D:1      | Reached ** piety under Trog
   838 | D:1      | Reached XP level 3. HP: 33/33 MP: 2/2
  1162 | D:2      | Reached skill level 5 in Maces & Flails
  1629 | D:2      | Reached XP level 4. HP: 33/41 MP: 3/3
  1983 | D:2      | Found a runed translucent door.
  1984 | D:2      | Noticed Crazy Yiuf
  1992 | D:2      | Killed Crazy Yiuf
  1993 | D:2      | Reached skill level 5 in Fighting
  1993 | D:2      | Reached XP level 5. HP: 48/48 MP: 4/4
  2095 | D:2      | Found Xuxalu's Jewellery Emporium.
  2553 | D:3      | Noticed Ijyb
  2566 | D:3      | Killed Ijyb
  2641 | D:3      | Reached XP level 6. HP: 55/56 MP: 5/5
  3047 | D:4      | Reached *** piety under Trog
  3220 | D:4      | Reached XP level 7. HP: 44/64 MP: 6/6
  3746 | D:4      | Found Erateena's General Store.
  3754 | D:4      | Bought a scroll of enchant armour for 75 gold pieces
  3754 | D:4      | Bought a scroll of identify for 20 gold pieces
  3754 | D:4      | Bought a potion of heal wounds for 50 gold pieces
  3877 | D:5      | Entered Level 5 of the Dungeon
  3908 | D:5      | Noticed Prince Ribbit
  3927 | D:5      | Killed Prince Ribbit
  4240 | D:5      | Reached XP level 8. HP: 61/73 MP: 7/7
  4372 | D:5      | Reached skill level 10 in Maces & Flails
  5043 | D:5      | Noticed Grinder
  5051 | D:5      | Killed Grinder
  5314 | D:6      | Reached XP level 9. HP: 53/82 MP: 8/8
  5731 | D:6      | Found a stormy altar of Qazlal.
  5747 | D:6      | Identified the +5 flail of Quick Death {protect, rF+ Will++
                  | Int+3}
  6235 | D:7      | Found Soross's Magic Scroll Boutique.
  6240 | D:7      | Bought a scroll of identify for 20 gold pieces
  6240 | D:7      | Bought a scroll of magic mapping for 35 gold pieces
  6240 | D:7      | Bought a scroll of blinking for 75 gold pieces
  6240 | D:7      | Bought a scroll of identify for 20 gold pieces
  6240 | D:7      | Bought a scroll of teleportation for 30 gold pieces
  6240 | D:7      | Bought a scroll of blinking for 75 gold pieces
  6240 | D:7      | Bought a scroll of fog for 20 gold pieces
  6240 | D:7      | Bought a scroll of identify for 20 gold pieces
  6338 | D:7      | Found a staircase to the Ecumenical Temple.
  6369 | D:7      | Reached skill level 10 in Fighting
  6660 | D:7      | Reached **** piety under Trog
  6962 | D:7      | Reached skill level 1 in Shields
  6982 | D:7      | Reached XP level 10. HP: 85/94 MP: 9/9
  7309 | D:8      | You fall into a shaft and drop 3 floors!
  7319 | D:11     | Reached skill level 2 in Shields
  7320 | D:11     | Noticed a cyclops
  7326 | D:11     | Reached skill level 3 in Shields
  7330 | D:11     | Killed a cyclops
  7349 | D:11     | Reached skill level 4 in Shields
  7624 | D:10     | Entered Level 10 of the Dungeon
  7624 | D:10     | Noticed a two-headed ogre
  7630 | D:10     | Killed a two-headed ogre
  7695 | D:8      | Reached skill level 5 in Shields
  7728 | D:8      | Found Pomp's Armour Shop.
  8357 | D:8      | Reached skill level 6 in Shields
  8359 | D:8      | Noticed a cyclops
  8363 | D:8      | Killed a cyclops
  8457 | D:8      | Reached XP level 11. HP: 108/108 MP: 10/10
  9513 | D:9      | Reached ***** piety under Trog
  9615 | D:9      | Noticed a green ugly thing
  9622 | D:9      | Killed a green ugly thing
  9769 | D:9      | Reached skill level 7 in Shields
 10462 | D:10     | Noticed a death yak
 10479 | D:10     | Reached skill level 15 in Fighting
 10479 | D:10     | Found a staircase to the Lair.
 10488 | D:10     | Killed a death yak
 10768 | D:10     | Reached skill level 8 in Shields
 11283 | D:10     | Received a gift from Trog
 11501 | D:11     | Noticed Snorg
 11517 | D:11     | Killed Snorg
 11587 | D:11     | Found Giax's General Store.
 11604 | D:11     | Bought a scroll of teleportation for 48 gold pieces
 11612 | D:11     | Noticed Josephine
 11643 | D:11     | Killed Josephine
 11644 | D:11     | Reached skill level 9 in Shields
 11934 | D:11     | Noticed a boulder beetle
 11939 | D:11     | Killed a boulder beetle
 12124 | D:12     | Noticed a deep elf pyromancer
 12124 | D:12     | Noticed a deep elf pyromancer
 12514 | D:12     | Found a staircase to the Orcish Mines.
 12538 | D:12     | Reached XP level 12. HP: 91/124 MP: 11/11
 12698 | D:12     | Noticed a seven-headed hydra
 12929 | D:12     | Killed a seven-headed hydra
 13047 | D:12     | Reached skill level 10 in Shields
 13061 | D:12     | Identified the +5 rapier of Pisush {venom, Int+3}
 13163 | D:12     | Reached skill level 5 in Armour
 13663 | Lair:1   | Entered Level 1 of the Lair of Beasts
 13836 | Lair:1   | Noticed an eight-headed hydra
 13852 | Lair:1   | Killed an eight-headed hydra
 13853 | Lair:1   | Reached skill level 11 in Shields
 14405 | Lair:1   | You fall into a shaft and drop 1 floor!
 14533 | Lair:2   | Reached skill level 12 in Shields
 14630 | Lair:2   | Noticed a four-headed hydra
 14641 | Lair:2   | Killed a four-headed hydra
 14843 | Lair:2   | Noticed Erica
 14857 | Lair:2   | Killed Erica
 15539 | Lair:2   | Reached skill level 1 in Crossbows
 15937 | Lair:3   | Found a staircase to the Snake Pit.
 16074 | Lair:3   | Reached XP level 13. HP: 117/130 MP: 12/12
 16151 | Lair:3   | Reached skill level 13 in Shields
 16949 | Lair:4   | Found a staircase to the Shoals.
 17447 | Lair:4   | Found a frozen archway.
 17459 | IceCv    | Entered an ice cave
 17460 | IceCv    | Found a transporter.
 17485 | IceCv    | Found a transporter.
 17514 | IceCv    | Identified the +2 robe of Narrow Birdsong {Dex+5}
 18241 | Lair:5   | Reached skill level 5 in Crossbows
 18698 | Lair:5   | Reached skill level 14 in Shields
 19408 | Lair:6   | Entered Level 6 of the Lair of Beasts
 20677 | Lair:6   | Reached skill level 15 in Shields
 20886 | Lair:6   | Reached ****** piety under Trog
 21081 | Lair:5   | Reached XP level 14. HP: 39/138 MP: 13/13
 21405 | Lair:6   | Received a gift from Trog
 21648 | Lair:6   | Found a large runed translucent door.
 21649 | Lair:6   | Found a large runed translucent door.
 21674 | Lair:6   | Reached skill level 16 in Shields
 22416 | Lair:5   | Found a staircase to the Slime Pits.
 22836 | Orc:1    | Entered Level 1 of the Orcish Mines
 22944 | Orc:2    | Entered Level 2 of the Orcish Mines
 23023 | Orc:2    | Found Misonez's Jewellery Boutique.
 23025 | Orc:2    | Noticed Saint Roka
 23544 | Orc:1    | Received a gift from Trog
 23740 | Orc:1    | Reached skill level 10 in Crossbows
 23930 | Orc:2    | Found a staircase to the Elven Halls.
 24132 | Orc:2    | Killed Saint Roka
 24526 | Orc:2    | Bought the amulet of Taengup {rC+ Regen+} for 528 gold
                  | pieces
 24781 | Orc:2    | Noticed Donald
 24796 | Orc:2    | Killed Donald
 25222 | Orc:2    | Found Vergheg's Distillery.
 25231 | Orc:2    | Bought a potion of curing for 51 gold pieces
 25322 | Orc:2    | Gained mutation: Your body sometimes deteriorates upon
                  | taking damage. [a neqoxec]
 25419 | Orc:2    | Received a gift from Trog
 25450 | Orc:2    | Lost intelligence.
 26149 | Orc:1    | Reached skill level 17 in Shields
 26596 | Orc:2    | Found Zusk's Book Emporium.
 26596 | Orc:2    | Found Qoec's General Store.
 26597 | Orc:2    | Found Efacyfeiz's Assorted Antiques.
 26597 | Orc:2    | Found Fic Ucicarr's General Store.
 26877 | D:13     | Reached skill level 5 in Dodging
 26917 | D:13     | Found a gate to the Vaults.
 26928 | D:13     | Reached skill level 1 in Evocations
 27034 | D:13     | Noticed Sonja
 27055 | D:13     | Killed Sonja
 27280 | D:13     | Noticed Jorgrun
 27303 | D:13     | Killed Jorgrun
 27643 | D:13     | Identified the +10 broad axe of Soft False Accusations
                  | {freeze, rF+ Will+}
 28077 | D:14     | Noticed Rupert
 28082 | D:14     | Reached skill level 10 in Armour
 28093 | D:14     | Killed Rupert
 28094 | D:14     | Reached XP level 15. HP: 146/146 MP: 4/14
 28383 | D:14     | Reached skill level 18 in Shields
 28409 | D:14     | Noticed Frances
 28440 | D:14     | Killed Frances
 28544 | D:14     | Found a snail-covered altar of Cheibriados.
 28581 | D:14     | Noticed Azrael
 28603 | D:14     | Killed Azrael
 28791 | D:14     | Received a gift from Trog
 29121 | D:15     | Entered Level 15 of the Dungeon
 29932 | D:15     | Found a staircase to the Depths.
 29932 | D:15     | Paralysed by a great orb of eyes for 7 turns
 30274 | Elf:1    | Entered Level 1 of the Elven Halls
 30456 | Elf:1    | Received a gift from Trog
 30704 | Elf:1    | Paralysed by an air elemental for 1 turns
 30707 | Elf:1    | Paralysed by an air elemental for 1 turns
 30711 | Elf:1    | Paralysed by an air elemental for 1 turns
 31597 | Elf:1    | Reached XP level 16. HP: 157/157 MP: 15/15
 31807 | Elf:2    | Found a runed translucent gate.
 31817 | Elf:1    | Reached skill level 5 in Evocations
 31875 | Elf:2    | Found a runed translucent gate.
 31886 | Elf:2    | Paralysed by an air elemental for 1 turns
 31888 | Elf:2    | HP: 4/157 [fire elemental[a deep elf pyromancer] (11)]
 32016 | Elf:2    | Found a runed translucent gate.
 32274 | Elf:2    | Found a runed translucent gate.
 32275 | Elf:2    | Found a runed translucent gate.
 32275 | Elf:2    | Found a runed translucent gate.
 32301 | Elf:2    | Paralysed by an air elemental for 1 turns
 32435 | Elf:2    | HP: 6/157 [deep elf archer/arrow (3)]
 32640 | Elf:2    | Received a gift from Trog
 33088 | Elf:1    | Reached skill level 19 in Shields
 33720 | Elf:2    | HP: 2/159 [something/shard of ice (32)]
 33728 | Elf:2    | Killed from afar by a deep elf zephyrmancer

Illustrated notes

Levels and vault maps discovered:
D:1:      amcnicky_arrival_flooded_fountain, layout_basic,
          basic_ecumenical_altar
D:2:      layout_loops_corners, serial_shops, nicolae_diamond_shop,
          uniq_crazy_yiuf_cottage
D:3:      layout_basic, uniq_ijyb
D:4:      layout_loops_ring, serial_shops, nicolae_shop_statue_plus,
          minmay_misc_feat_iff, kennysheep_generic_room_9
D:5:      minmay_skewed_foursquare, layout_basic, uniq_grinder,
          uniq_prince_ribbit1
D:6:      layout_basic, amcnicky_altar_gilded, kennysheep_decorative_pillar
D:7:      layout_cave_pods, minmay_temple_entry_slanted, serial_shops,
          nicolae_diamond_shop, grunt_tough_drop
D:8:      wad_river_or_something, layout_basic, hangedman_abyss_or_decor_passed,
          minmay_shop_grid_forest, minmay_small_thing
D:9:      layout_basic
D:10:     layout_loops_corners, david_lair_generic, serial_bayou_pond_b,
          chequers_serial_rivers_micro_b, kennysheep_nondescript,
          roderic_batcave
D:11:     layout_basic, serial_shops, nicolae_shop_trees, uniq_josephine,
          uniq_snorg
D:12:     cheibrodos_lost_city_excavation, layout_irregular_city, erik_orc_1,
          serial_column_ruins, column_ruins_pillar_3, column_ruins_pillar_1,
          column_ruins_pillar_6, column_ruins_pillar_1, column_ruins_pillar_3,
          column_ruins_pillar_10, column_ruins_pillar_3, column_ruins_pillar_3,
          column_ruins_pillar_6, column_ruins_pillar_4, column_ruins_pillar_6,
          column_ruins_pillar_3, column_ruins_pillar_6, column_ruins_pillar_3,
          column_ruins_pillar_2, column_ruins_pillar_12, column_ruins_pillar_8,
          column_ruins_pillar_1, column_ruins_pillar_6, column_ruins_pillar_6
D:13:     layout_basic, erik_vaults_1, lemuel_flamethrower_2, uniq_sonja,
          uniq_jorgrun
D:14:     layout_loops_ring, kennysheep_slug_shrine, uniq_frances, uniq_azrael,
          uniq_rupert
D:15:     gammafunk_enter_depths_forms, layout_rooms, minmay_misc_feat_ornament
Lair:1:   layout_small_grid
Lair:2:   layout_regular_city, serial_bayou_pond_c, uniq_erica
Lair:3:   layout_layer_cave, guppyfry_snake_entry_garden
Lair:4:   layout_gridlike, elwin_shoals_entry_rocks, portal_ice_cave_rime
Lair:5:   layout_gridlike, minmay_slime_entry_oklob_enclosed,
          guppyfry_lair_drakes, serial_bayou_shore_b
Lair:6:   cheibrodos_lair_end_hotspot, layout_misc_corridors
Orc:1:    layout_caves, nicolae_volcano_entry_batcave
Orc:2:    st_orc_pillars, layout_diamond_mine, serial_shops, shop, shop,
          nicolae_orc_tapped_out, uniq_saint_roka, uniq_donald
Elf:1:    minmay_elf_arrival_summoners, layout_gridlike,
          hangedman_elf_represent, grunt_ministairs_15
Elf:2:    nicolae_elf_blades_crystal_corner, layout_geoelf_octagon,
          nicolae_elf_hall_of_bonks

Skill      XL: |  1  2  3  4  5  6  7  8  9 10 11 12 13 14 15 16 |
---------------+-------------------------------------------------+-----
Maces & Flails | 4 5 6 7 8 9 11 14 | 14.0
Fighting       | 4 5 6 7 8 10 13 16 17 18 | 18.5
Shields        | 1 6 9 12 15 17 18 19 | 19.1
Armour         | 8 10 12 14 | 14.2
Crossbows      | 2 8 10 | 10.2
Dodging        | 5 7 9 |  9.0
Evocations     | 2 4 6 |  6.1

Action                   |  1- 3 |  4- 6 |  7- 9 | 10-12 | 13-15 | 16-18 || total
-------------------------+-------+-------+-------+-------+-------+-------++-------
Melee: Mace              |    96 |   155 |   106 |       |       |       ||   357
       Headbutt          |    14 |    20 |    50 |   137 |   322 |    29 ||   572
       Flail             |       |       |   174 |   643 |   635 |       ||  1452
       Demon whip        |       |       |       |       |   774 |   186 ||   960
 Fire: Hand crossbow     |       |       |       |       |     6 |    19 ||    25
Invok: Berserk           |       |     3 |     2 |     9 |     6 |     1 ||    21
       Brothers in Arms  |       |       |       |     1 |     5 |     2 ||     8
       Trog's Hand       |       |       |       |       |     1 |     1 ||     2
Evoke: Wand              |       |       |       |       |       |     6 ||     6
  Use: Scroll            |       |       |     5 |     4 |    23 |     7 ||    39
       Potion            |       |       |       |       |     3 |     4 ||     7
 Stab: Invisible         |       |       |       |       |     4 |       ||     4
Armor: Animal skin       |     1 |       |       |       |       |       ||     1
       Chain mail        |    53 |    95 |   154 |    73 |       |       ||   375
       Plate armour      |       |       |       |   294 |   425 |    69 ||   788
Dodge: Dodged            |    35 |    73 |    82 |   150 |   281 |    54 ||   675
Block: Buckler           |       |     1 |    22 |    84 |       |       ||   107
       Tower shield      |       |       |       |   170 |   549 |       ||   719
       Kite shield       |       |       |       |       |   319 |    87 ||   406
       Reflection        |       |       |       |       |    47 |     5 ||    52

Table legend: (Time is in decaauts)
 A = Elapsed time spent in this place.
 B = Non-inter-level travel time spent in this place.
 C = Inter-level travel time spent in this place.
 D = Time resting spent in this place.
 E = Time spent auto-exploring this place.
 F = Levels seen in this place.
 G = Mean time per level.
                   A        B        C        D        E       F      G
               +--------+--------+--------+--------+--------+-----+--------+
         Total |  33735 |  32193 |   1542 |   6599 |  18829 |  26 | 1297.5 |
       Dungeon |  17160 |  16275 |    885 |   1803 |  11421 |  15 | 1144.0 |
          Lair |   8759 |   8217 |    542 |   1739 |   4984 |   6 | 1459.8 |
  Orcish Mines |   4404 |   4331 |     73 |   2114 |   1135 |   2 | 2202.0 |
   Elven Halls |   3182 |   3140 |     42 |    790 |   1289 |   2 | 1591.0 |
      Ice Cave |    228 |    228 |      0 |    152 |      0 |   1 |  228.0 |
               +--------+--------+--------+--------+--------+-----+--------+

Top non-repeatable levels by time:
   Orc:1: 2956 daAuts
  Lair:5: 2587 daAuts
   Elf:1: 1847 daAuts
  Lair:6: 1593 daAuts
     D:8: 1571 daAuts
    D:12: 1449 daAuts
   Orc:2: 1447 daAuts
   Elf:2: 1334 daAuts
     D:2: 1280 daAuts
    D:10: 1277 daAuts
     D:5: 1267 daAuts
    D:11: 1250 daAuts
  Lair:1: 1239 daAuts
     D:9: 1212 daAuts
  Lair:3: 1180 daAuts
